General information
- name: BNet
- type: Ladder team game (AT/RT)
- host: Battle.net
- saver: CrookedCop
map: FullScaleAssault
- players: 8
- length: 62:48
- speed: Fast
- version: 1.26 W3XP
- replay type: Public
» download(360 KB)
Players
team 1 (winner)

»
nadlei (
orange | 80 APM | 3930 actions | 48:54)
7 Blademaster
2 Wind Walk
3 Critical Strike
1 Bladestorm
1 Mirror Image
5 Tauren Chieftain
2 War Stomp
3 Endurance Aura
4 Shadow Hunter
3 Healing Wave
1 Serpent Ward
» actions
| Assign group hotkey | 166 | |
| Basic commands | 34 | |
| Build / train | 134 | |
| Enter build submenu | 20 | |
| Enter hero's abilities submenu | 15 | |
| Give item / drop item | 9 | |
| Remove unit from queue | 4 | |
| Right click | 1709 | |
| Select / deselect | 408 | |
| Select group hotkey | 1147 | |
| Use ability | 284 | |
3930 total
» units
| Peon | 13 | |
| Grunt | 8 | |
| Shaman | 15 | |
| Troll Headhunter/Berserker | 25 | |
| Troll Batrider | 8 | |
| Goblin Zeppelin | 1 | |
| Wind Rider | -2 | |
68 total
» upgrades
| Melee Weapons | 2 | |
| Armor | 2 | |
| Berserker Strength | 1 | |
| Shaman Training | 2 | |
| Berserker Upgrade | 1 | |
| Troll Regeneration | 1 | |
| Ranged Weapons | 2 | |
| Liquid Fire | 1 | |
| Reinforced Defenses | 1 | |
| Envenomed Spears | 1 | |
14 total
» buildings
| Altar of Storms | 1 | |
| Orc Burrow | 10 | |
| Voodoo Lounge | 1 | |
| Barracks | 1 | |
| War Mill | 1 | |
| Stronghold | 1 | |
| Spirit Lodge | 1 | |
| Fortress | 1 | |
| Beastiary | 2 | |
| Great Hall | 1 | |
| Watch Tower | 3 | |
23 total
» build order
00:13 Altar of Storms
00:17 Orc Burrow
00:57 Voodoo Lounge
01:26 Barracks
01:46 Orc Burrow
02:52 Orc Burrow
04:10 War Mill
05:30 Stronghold
05:58 Orc Burrow
06:53 Orc Burrow
07:38 Orc Burrow
07:58 Spirit Lodge
08:19 Fortress
13:33 Orc Burrow
13:38 Orc Burrow
16:02 Orc Burrow
16:05 Orc Burrow
17:33 Beastiary
17:36 Beastiary
32:14 Great Hall
32:17 Watch Tower
32:18 Watch Tower
32:20 Watch Tower
» items
| Healing Salve | 5 | |
| Lesser Clarity Potion | 3 | |
| Tiny Great Hall | 2 | |
| Orb of Lightning | 2 | |
| Scroll of Town Portal | 4 | |
| Potion of Healing | 3 | |
| Dust of Appearance | 2 | |
21 total
fat-apples (
purple | 32 APM | 1588 actions | 49:00)
7 Death Knight
3 Death Coil
3 Unholy Aura
1 Animate Dead
» actions
| Assign group hotkey | 22 | |
| Build / train | 72 | |
| Enter build submenu | 20 | |
| Enter hero's abilities submenu | 7 | |
| Give item / drop item | 2 | |
| Remove unit from queue | 1 | |
| Right click | 908 | |
| Select / deselect | 190 | |
| Select group hotkey | 309 | |
| Use ability | 57 | |
1588 total
» units
| Acolyte | 14 | |
| Ghoul | 5 | |
| Crypt Fiend | 9 | |
| Gargoyle | 1 | |
| Frost Wyrm | 10 | |
39 total
» upgrades
| Web | 1 | |
| Creature Carapace | 4 | |
| Freezing Breath | 1 | |
| Creature Attack | 3 | |
9 total
» buildings
| Crypt | 1 | |
| Graveyard | 1 | |
| Ziggurat | 8 | |
| Altar of Darkness | 1 | |
| Halls of the Dead | 1 | |
| Tomb of Relics | 1 | |
| Black Citadel | 1 | |
| Sacrificial Pit | 1 | |
| Boneyard | 1 | |
| Spirit Tower | 1 | |
| Nerubian Tower | 2 | |
| Necropolis | 1 | |
20 total
» build order
00:40 Crypt
00:52 Graveyard
01:01 Ziggurat
01:59 Altar of Darkness
02:28 Ziggurat
03:25 Halls of the Dead
03:40 Tomb of Relics
04:44 Ziggurat
05:53 Black Citadel
07:41 Ziggurat
08:30 Sacrificial Pit
08:35 Ziggurat
09:33 Boneyard
11:14 Ziggurat
12:31 Spirit Tower
12:33 Nerubian Tower
12:34 Nerubian Tower
18:21 Ziggurat
19:00 Ziggurat
33:15 Necropolis
» items
| Rod of Necromancy | 1 | |
| Potion of Healing | 3 | |
| Scroll of Town Portal | 2 | |
| Dust of Appearance | 3 | |
| Orb of Corruption | 1 | |
10 total
LIPSTICKONMYPP (
pink | 58 APM | 3636 actions | 62:48)
8 Archmage
3 Summon Water Elemental
3 Brilliance Aura
1 Mass Teleport
1 Blizzard
» actions
| Assign group hotkey | 64 | |
| Basic commands | 106 | |
| Build / train | 109 | |
| Enter build submenu | 28 | |
| Enter hero's abilities submenu | 11 | |
| Give item / drop item | 9 | |
| Remove unit from queue | 2 | |
| Right click | 1419 | |
| Select / deselect | 474 | |
| Select group hotkey | 1052 | |
| Use ability | 362 | |
3636 total
» units
| Peasant | 19 | |
| Footman | 4 | |
| Goblin Shredder | 3 | |
| Goblin Zeppelin | 5 | |
| Gryphon Rider | 6 | |
| Blue Dragon | 5 | |
42 total
» upgrades
| Masonry | 3 | |
| Swords | 2 | |
| Armor | 2 | |
| Animal War Training | 1 | |
8 total
» buildings
| Altar of Kings | 1 | |
| Barracks | 1 | |
| Farm | 11 | |
| Scout Tower | 36 | |
| Arcane Tower | 2 | |
| Lumber Mill | 1 | |
| Arcane Vault | 1 | |
| Town Hall | 4 | |
| Keep | 3 | |
| Guard Tower | 21 | |
| Blacksmith | 1 | |
| Castle | 2 | |
| Gryphon Aviary | 7 | |
91 total
» build order
00:08 Altar of Kings
00:20 Barracks
00:36 Farm
00:53 Farm
01:28 Scout Tower
01:36 Farm
01:57 Arcane Tower
02:52 Lumber Mill
03:16 Arcane Vault
03:34 Farm
04:17 Town Hall
04:21 Scout Tower
05:18 Arcane Tower
05:25 Scout Tower
05:25 Scout Tower
05:26 Scout Tower
05:31 Scout Tower
06:01 Keep
06:01 Keep
06:07 Guard Tower
06:07 Guard Tower
06:11 Guard Tower
06:11 Guard Tower
06:11 Guard Tower
06:30 Blacksmith
06:54 Scout Tower
06:54 Scout Tower
06:54 Scout Tower
06:55 Scout Tower
06:56 Scout Tower
06:56 Scout Tower
07:32 Guard Tower
07:32 Guard Tower
07:56 Guard Tower
08:20 Guard Tower
08:45 Farm
08:58 Castle
09:03 Gryphon Aviary
09:03 Gryphon Aviary
09:04 Gryphon Aviary
10:43 Farm
10:44 Farm
10:44 Farm
11:18 Town Hall
11:35 Scout Tower
11:35 Scout Tower
11:47 Guard Tower
12:19 Gryphon Aviary
12:30 Guard Tower
12:30 Guard Tower
14:48 Scout Tower
14:49 Scout Tower
14:49 Scout Tower
14:50 Scout Tower
14:50 Scout Tower
14:50 Scout Tower
14:51 Scout Tower
14:51 Scout Tower
15:53 Guard Tower
16:11 Town Hall
17:32 Guard Tower
17:48 Town Hall
19:45 Keep
21:21 Farm
21:22 Farm
21:22 Farm
23:00 Castle
23:04 Scout Tower
23:04 Scout Tower
23:05 Scout Tower
23:05 Scout Tower
23:05 Scout Tower
23:06 Scout Tower
23:06 Scout Tower
23:07 Scout Tower
23:07 Scout Tower
23:07 Scout Tower
23:52 Guard Tower
24:23 Guard Tower
29:13 Scout Tower
29:14 Scout Tower
29:14 Scout Tower
29:14 Scout Tower
30:01 Guard Tower
38:09 Gryphon Aviary
38:10 Gryphon Aviary
38:14 Gryphon Aviary
» items
| Scroll of Regeneration | 3 | |
| Lesser Clarity Potion | 1 | |
| Staff of Teleportation | 1 | |
| Scroll of Town Portal | 1 | |
| Ivory Tower | 2 | |
| Staff of Sanctuary | 1 | |
| Tome of Retraining | 1 | |
| Potion of Healing | 1 | |
11 total

»
DLANOD (
yellow | 34 APM | 2126 actions | 62:48)
4 Tauren Chieftain
2 Endurance Aura
2 War Stomp
» actions
| Basic commands | 16 | |
| Build / train | 104 | |
| Enter build submenu | 51 | |
| Enter hero's abilities submenu | 4 | |
| Right click | 1146 | |
| Select / deselect | 699 | |
| Use ability | 105 | |
2126 total
» units
| Peon | 24 | |
| Grunt | 19 | |
| Goblin Shredder | 1 | |
| Shaman | 13 | |
| Tauren | 10 | |
| Troll Headhunter/Berserker | 4 | |
71 total
» upgrades
| Pillage | 1 | |
| Melee Weapons | 3 | |
| Armor | 3 | |
| Spiked Barricades | 3 | |
| Berserker Strength | 1 | |
| Shaman Training | 2 | |
| Reinforced Defenses | 1 | |
| Pulverize | 1 | |
| Ranged Weapons | 1 | |
16 total
» buildings
| Altar of Storms | 3 | |
| Barracks | 2 | |
| Orc Burrow | 10 | |
| War Mill | 2 | |
| Watch Tower | 18 | |
| Voodoo Lounge | 2 | |
| Great Hall | 4 | |
| Stronghold | 1 | |
| Spirit Lodge | 1 | |
| Fortress | 1 | |
| Tauren Totem | 1 | |
45 total
» build order
00:07 Altar of Storms
00:10 Barracks
00:16 Orc Burrow
02:16 Orc Burrow
02:58 Orc Burrow
03:38 War Mill
04:07 Orc Burrow
04:58 Watch Tower
05:08 Watch Tower
06:19 Voodoo Lounge
07:35 Great Hall
07:51 Stronghold
08:07 Watch Tower
08:13 Watch Tower
09:34 Watch Tower
10:53 Watch Tower
11:15 Watch Tower
11:50 Spirit Lodge
12:03 Fortress
13:28 Watch Tower
14:06 Watch Tower
14:17 Watch Tower
15:16 Tauren Totem
15:22 Watch Tower
16:16 Watch Tower
17:51 Orc Burrow
18:05 Orc Burrow
18:51 Orc Burrow
20:17 Orc Burrow
21:00 Watch Tower
21:14 Watch Tower
28:47 Great Hall
29:26 Watch Tower
29:28 Watch Tower
29:30 Watch Tower
29:32 Watch Tower
46:02 Great Hall
46:33 Altar of Storms
48:35 Great Hall
53:25 Orc Burrow
53:44 Altar of Storms
54:45 War Mill
55:09 Barracks
55:57 Orc Burrow
56:03 Voodoo Lounge
» items
| Healing Salve | 6 | |
| Scroll of Town Portal | 3 | |
| Orb of Lightning | 1 | |
10 total
team 2 (loser)

»
roseta_stoned (
green | 124 APM | 5459 actions | 43:56)
6 Keeper of the Grove
3 Entangling Roots
2 Thorns Aura
1 Tranquility
4 Warden
2 Shadow Strike
2 Fan of Knives
» actions
| Assign group hotkey | 51 | |
| Basic commands | 176 | |
| Build / train | 105 | |
| Enter build submenu | 26 | |
| Enter hero's abilities submenu | 10 | |
| Give item / drop item | 3 | |
| Right click | 2219 | |
| Select / deselect | 1804 | |
| Select group hotkey | 934 | |
| Use ability | 131 | |
5459 total
» units
| Wisp | 25 | |
| Druid of the Claw | 13 | |
| Dryad | 29 | |
67 total
» upgrades
| Strength of the Wild | 3 | |
| Druid of the Claw Training | 2 | |
| Mark of the Claw | 1 | |
| Reinforced Hides | 2 | |
| Abolish Magic | 1 | |
| Strength of the Moon | 2 | |
11 total
» buildings
| Moon Well | 10 | |
| Altar of Elders | 2 | |
| Tree of Ages | 2 | |
| Hunter's Hall | 1 | |
| Ancient of Wonders | 1 | |
| Tree of Eternity | 1 | |
| Ancient of Lore | 2 | |
| Tree of Life | 3 | |
22 total
» build order
00:15 Moon Well
01:12 Altar of Elders
02:06 Tree of Ages
02:12 Hunter's Hall
02:23 Moon Well
02:53 Moon Well
03:49 Ancient of Wonders
04:50 Tree of Eternity
04:54 Ancient of Lore
05:05 Ancient of Lore
06:37 Moon Well
12:16 Moon Well
12:43 Moon Well
17:07 Tree of Life
17:22 Tree of Life
18:08 Moon Well
21:03 Altar of Elders
22:30 Moon Well
23:27 Moon Well
23:32 Tree of Life
26:58 Tree of Ages
30:21 Moon Well
» items
| Scroll of Town Portal | 2 | |
| Potion of Healing | 2 | |
| Moonstone | 2 | |
| Lesser Clarity Potion | 1 | |
| Scroll of Healing | 1 | |
| Scroll of Protection | 1 | |
| Staff of Teleportation | 2 | |
11 total

»
helpme2 (
teal | 7 APM | 452 actions | 62:48)
1 Death Knight
1 Death Coil
» actions
| Basic commands | 16 | |
| Build / train | 36 | |
| Enter build submenu | 18 | |
| Enter hero's abilities submenu | 1 | |
| Remove unit from queue | 1 | |
| Right click | 85 | |
| Select / deselect | 254 | |
| Use ability | 41 | |
452 total
» units
| Acolyte | 8 | |
| Ghoul | 10 | |
| Crypt Fiend | 4 | |
| Frost Wyrm | 4 | |
26 total
» upgrades
» buildings
| Altar of Darkness | 1 | |
| Crypt | 1 | |
| Ziggurat | 6 | |
| Graveyard | 1 | |
| Halls of the Dead | 1 | |
| Nerubian Tower | 1 | |
| Spirit Tower | 3 | |
| Black Citadel | 1 | |
| Sacrificial Pit | 1 | |
| Boneyard | 3 | |
| Tomb of Relics | 1 | |
20 total
» build order
00:54 Altar of Darkness
01:01 Crypt
01:04 Ziggurat
01:09 Ziggurat
01:18 Graveyard
03:47 Halls of the Dead
04:00 Ziggurat
06:00 Nerubian Tower
06:02 Spirit Tower
06:34 Black Citadel
07:13 Sacrificial Pit
09:00 Boneyard
09:04 Boneyard
09:06 Boneyard
09:11 Ziggurat
09:14 Ziggurat
09:22 Tomb of Relics
10:05 Spirit Tower
10:09 Ziggurat
10:12 Spirit Tower
CrookedCop (
blue | 53 APM | 3299 actions | 62:48)
10 Blademaster
3 Wind Walk
3 Critical Strike
1 Bladestorm
3 Mirror Image
» actions
| Assign group hotkey | 109 | |
| Basic commands | 229 | |
| Build / train | 89 | |
| Enter build submenu | 61 | |
| Enter hero's abilities submenu | 10 | |
| Give item / drop item | 28 | |
| Remove unit from queue | 1 | |
| Right click | 1358 | |
| Select / deselect | 491 | |
| Select group hotkey | 564 | |
| Use ability | 359 | |
3299 total
» units
| Peon | 11 | |
| Grunt | 3 | |
| Goblin Shredder | 1 | |
| Goblin Zeppelin | 2 | |
| Goblin Sapper | 6 | |
| Troll Batrider | 6 | |
| Wind Rider | 12 | |
41 total
» upgrades
| Reinforced Defenses | 1 | |
| Ranged Weapons | 3 | |
| Armor | 3 | |
| Troll Regeneration | 1 | |
| Envenomed Spears | 1 | |
| Liquid Fire | 1 | |
10 total
» buildings
| Orc Burrow | 5 | |
| Altar of Storms | 1 | |
| Barracks | 1 | |
| Voodoo Lounge | 1 | |
| Stronghold | 1 | |
| War Mill | 1 | |
| Great Hall | 7 | |
| Watch Tower | 52 | |
| Fortress | 1 | |
| Beastiary | 4 | |
74 total
» build order
00:12 Orc Burrow
00:51 Altar of Storms
00:52 Barracks
01:04 Orc Burrow
01:44 Voodoo Lounge
02:53 Stronghold
03:31 War Mill
03:48 Orc Burrow
05:06 Great Hall
06:20 Orc Burrow
06:28 Watch Tower
06:29 Watch Tower
06:30 Watch Tower
06:31 Watch Tower
07:05 Fortress
07:08 Beastiary
07:09 Beastiary
08:55 Beastiary
08:59 Beastiary
09:45 Great Hall
09:48 Watch Tower
09:48 Watch Tower
09:49 Watch Tower
10:31 Watch Tower
10:34 Watch Tower
11:10 Watch Tower
11:11 Watch Tower
11:13 Watch Tower
11:13 Watch Tower
18:21 Orc Burrow
26:22 Watch Tower
26:23 Watch Tower
26:23 Watch Tower
30:23 Great Hall
30:42 Watch Tower
30:43 Watch Tower
30:43 Watch Tower
30:43 Watch Tower
30:45 Watch Tower
30:45 Watch Tower
30:45 Watch Tower
30:46 Watch Tower
31:30 Great Hall
31:39 Great Hall
31:47 Watch Tower
31:48 Watch Tower
31:48 Watch Tower
31:48 Watch Tower
31:51 Watch Tower
31:52 Watch Tower
31:52 Watch Tower
31:53 Watch Tower
32:06 Watch Tower
32:07 Watch Tower
38:36 Great Hall
38:39 Watch Tower
38:39 Watch Tower
38:40 Watch Tower
38:40 Watch Tower
38:41 Watch Tower
38:42 Watch Tower
38:42 Watch Tower
38:43 Watch Tower
46:32 Great Hall
46:35 Watch Tower
46:35 Watch Tower
46:36 Watch Tower
46:36 Watch Tower
46:38 Watch Tower
46:38 Watch Tower
46:39 Watch Tower
46:42 Watch Tower
47:52 Watch Tower
» items
| Healing Salve | 8 | |
| Orb of Lightning | 1 | |
| Staff of Teleportation | 1 | |
| Scroll of Town Portal | 5 | |
| Lesser Clarity Potion | 4 | |
| Potion of Mana | 3 | |
| Potion of Healing | 2 | |
24 total

»
Didi14 (
red | 99 APM | 2883 actions | 29:12)
8 Archmage
3 Summon Water Elemental
3 Brilliance Aura
1 Mass Teleport
1 Blizzard
» actions
| Assign group hotkey | 26 | |
| Basic commands | 7 | |
| Build / train | 69 | |
| Enter build submenu | 40 | |
| Enter hero's abilities submenu | 8 | |
| Remove unit from queue | 3 | |
| Right click | 1230 | |
| Select / deselect | 388 | |
| Select group hotkey | 1046 | |
| Use ability | 65 | |
2883 total
» units
| Peasant | 25 | |
| Mortar Team | 6 | |
| Gryphon Rider | 7 | |
38 total
» upgrades
| Lumber Harvesting | 2 | |
| Fragmentation Shards | 1 | |
| Swords | 2 | |
| Flare | 1 | |
6 total
» buildings
| Altar of Kings | 2 | |
| Farm | 15 | |
| Lumber Mill | 1 | |
| Arcane Vault | 1 | |
| Town Hall | 1 | |
| Keep | 1 | |
| Scout Tower | 13 | |
| Guard Tower | 2 | |
| Blacksmith | 1 | |
| Workshop | 3 | |
| Castle | 1 | |
| Gryphon Aviary | 6 | |
| Cannon Tower | 1 | |
48 total
» build order
01:07 Altar of Kings
01:14 Farm
01:52 Lumber Mill
02:10 Farm
04:02 Arcane Vault
04:25 Town Hall
04:30 Keep
05:42 Scout Tower
05:55 Scout Tower
05:56 Scout Tower
07:19 Guard Tower
07:42 Blacksmith
09:11 Workshop
09:12 Workshop
09:18 Workshop
09:28 Guard Tower
09:31 Scout Tower
09:32 Scout Tower
09:33 Scout Tower
10:01 Castle
10:28 Gryphon Aviary
10:30 Gryphon Aviary
10:37 Scout Tower
10:38 Scout Tower
10:38 Scout Tower
11:35 Farm
11:36 Farm
11:37 Farm
11:40 Farm
11:41 Farm
11:42 Farm
11:43 Farm
12:48 Cannon Tower
13:12 Farm
13:12 Farm
14:22 Farm
14:58 Gryphon Aviary
15:00 Gryphon Aviary
15:28 Gryphon Aviary
15:29 Gryphon Aviary
15:33 Farm
15:33 Farm
15:34 Farm
16:04 Scout Tower
16:05 Scout Tower
16:05 Scout Tower
16:06 Scout Tower
16:37 Altar of Kings
» items
| Scroll of Town Portal | 3 | |
| Orb of Lightning | 1 | |
| Lesser Clarity Potion | 1 | |
| Potion of Healing | 1 | |
| Orb of Fire | 1 | |
| Scroll of Regeneration | 1 | |
8 total
Chat log
(00:11 / Allies) helpme2: wyrms
(00:17 / Allies) Didi14: morts
(00:25 / Allies) Didi14: ill feed you
(00:32 / All) LIPSTICKONMYPP: favorite super hero movie? mine is the dark knight
(00:41 / All) CrookedCop: Nolan's Dark Knight trilogy
(00:42 / All) nadlei: smurfs
(00:53 / Allies) Didi14: noob
(01:29 / Allies) CrookedCop: noob
(02:27 / Allies) Didi14: ???
(02:30 / All) CrookedCop: Chronicle is a pretty good movie
(02:32 / Allies) helpme2: expo
(02:38 / Allies) Didi14: i take
(02:39 / All) CrookedCop: I don't like the stupid cam angle though
(03:07 / All) CrookedCop: I hate you so much Didi but this pussy game ridiculous
(04:41 / Allies) Didi14: why you so mad?
(04:50 / Allies) CrookedCop: ?
(04:57 / Allies) Didi14: you mad
(05:08 / Allies) CrookedCop: about what
(05:12 / Allies) Didi14: you told me you hate me
(05:13 / Allies) CrookedCop: that's a rugrats meme bro
(05:24 / Allies) CrookedCop: didi the mom from rugrats
(05:25 / Allies) Didi14: my bad
(05:32 / Allies) helpme2: no help red?
(05:49 / Allies) Didi14: you dont need it i feed you '
(06:07 / Allies) Didi14: wood for gold?
(06:52 / Allies) Didi14: ill trade gold for wood
(06:54 / Allies) CrookedCop: why yo ufollowin brah
(07:12 / Allies) Didi14: ?
(07:27 / Allies) CrookedCop: exp leechin mofo
(07:38 / All) CrookedCop: many zzzs were had this day
(07:38 / All) LIPSTICKONMYPP: no u
(08:27 / All) nadlei: teal u should creep
(09:48 / Allies) Didi14: b
(10:50 / Allies) helpme2: we lose
(10:52 / Allies) Didi14: we win
(11:44 / All) nadlei: come on teal
(11:46 / All) nadlei: creep man
(11:47 / All) nadlei: u need level
(11:54 / All) LIPSTICKONMYPP: wtf is teal doing lol
(11:59 / All) helpme2: we lost already
(12:04 / All) helpme2: red 5k gold
(12:08 / All) helpme2: no units
(12:22 / Allies) Didi14: stuf i offered to feed you
(12:31 / Allies) helpme2: fuck u faggot
(12:39 / Allies) helpme2: u said u would and nothinbg
(13:12 / Allies) CrookedCop: orange had no aa
(13:13 / Allies) helpme2: wont even helkp expo cause i "dont" need
(13:21 / Allies) Didi14: ill help you
(13:35 / Allies) Didi14: wtf
(13:35 / Allies) CrookedCop: goddamnit red
(13:39 / Allies) CrookedCop: you're fucking over green and me too
(13:50 / Allies) Didi14: calm down and watch ill show yall
(14:01 / Allies) Didi14: please stop
(14:09 / Allies) CrookedCop: Teal you're the worst kind of faggot
(14:18 / Allies) Didi14: come on i have units
(14:45 / All) helpme2: faggot has 6k now
(15:03 / Allies) CrookedCop: so what jkust leave instead of fucking over green and me too
(15:45 / All) helpme2: enjoy
(15:48 / All) helpme2: afk here
(15:51 / Allies) CrookedCop: I tk you from now on retard
(15:51 / All) nadlei: gg
(18:37 / Allies) CrookedCop: let'
(18:39 / Allies) CrookedCop: let's hit top
(19:04 / Allies) CrookedCop: waiot for me green
(19:21 / Allies) CrookedCop: b up green and wait for us
(20:02 / Allies) roseta_stoned: gold
(20:06 / Allies) CrookedCop: teal is a little bitch lol
(20:08 / Allies) CrookedCop: doesn't even leave
(22:47 / Allies) Didi14: 4v3 ha
(22:49 / Allies) CrookedCop: teal is watching pretending to be afk and when green drops he'll be a faggot bitch and sabotage
(24:01 / Allies) Didi14: let my morts
(24:38 / All) LIPSTICKONMYPP: 12k dial up in here
(24:39 / Allies) CrookedCop: he'll have to kill green off if he drops
(25:14 / Allies) CrookedCop: use morts on towers
(27:48 / Allies) CrookedCop: bm
(29:17 / All) nadlei: gg
(31:11 / All) CrookedCop: lag city
(31:26 / All) LIPSTICKONMYPP: jesus
(31:30 / All) LIPSTICKONMYPP: spic town 101 today
(32:38 / All) nadlei: jesus u lag more than me
(32:58 / All) DLANOD: holy fuck
(35:38 / Allies) roseta_stoned: swec
(39:54 / All) CrookedCop: You can't run from the long arm of the law forever
(39:56 / All) CrookedCop: jailbirds
(40:16 / All) CrookedCop: This right here? That's what we like to call an illegal operation
(40:30 / All) CrookedCop: You can't be mining gold around tehse parts, understand?
(42:13 / All) LIPSTICKONMYPP: surprised nobody
(42:19 / All) LIPSTICKONMYPP: towered chokes
(43:48 / All) LIPSTICKONMYPP: this guy
(43:52 / All) LIPSTICKONMYPP: is impressive
(43:54 / All) LIPSTICKONMYPP: lagging literally
(43:55 / All) LIPSTICKONMYPP: all game
(43:56 / All) LIPSTICKONMYPP: 10 yrs of wc3 and never seen this
(44:01 / All) DLANOD: finally
(45:19 / All) nadlei: have fun guys, teal is mad because of purp....
(45:27 / All) LIPSTICKONMYPP: teal?
(45:36 / All) nadlei: yes
(45:42 / All) nadlei: lol
(46:51 / All) CrookedCop: pink's just a fellow crooked cop
(48:51 / All) nadlei: gg
(50:33 / All) LIPSTICKONMYPP: y did teal tk u
(50:40 / All) CrookedCop: he tked red
(50:46 / All) CrookedCop: because he wasn't playing like he wanted him to
(51:04 / All) CrookedCop: apparently red said he'd feed him
(51:12 / All) CrookedCop: but didn't live up much to his end of the bargain
(51:30 / All) CrookedCop: teal's just a dumb noob
(54:28 / All) CrookedCop: bagged me a dragon yus sir I did
(54:35 / All) CrookedCop: gonna make me some boots from his hide
(54:55 / All) LIPSTICKONMYPP: this game gave me a headache green and oj lagged literally all game
(55:37 / All) LIPSTICKONMYPP: just give teal the win?
(56:01 / All) LIPSTICKONMYPP: yes standoff
(56:16 / All) CrookedCop: pretty much done on my side
(56:44 / All) LIPSTICKONMYPP: wow
(56:46 / All) LIPSTICKONMYPP: im an idiot
(56:52 / All) LIPSTICKONMYPP: didnt see yellows big base bottom right
(58:05 / All) CrookedCop: had to drain the snake
(58:06 / All) LIPSTICKONMYPP: fighting a losing battle yellow
(58:38 / All) CrookedCop: lawl
(58:55 / All) LIPSTICKONMYPP: i was looking for his last peon and didnt even see that base
(58:59 / All) CrookedCop: how much gold does he have
(59:04 / All) LIPSTICKONMYPP: none
(60:04 / All) CrookedCop: is he 0/0 now?
(60:05 / All) LIPSTICKONMYPP: this
(60:08 / All) LIPSTICKONMYPP: is called a standoff
(60:09 / All) LIPSTICKONMYPP: yes
(61:21 / All) DLANOD: is this a dragon fight only?
(61:29 / All) DLANOD: or is it who can kill themselves faster
(61:55 / All) CrookedCop: drop y our items on the piol
(62:32 / All) LIPSTICKONMYPP: done this side
(62:36 / All) CrookedCop: this side as well
(62:39 / All) CrookedCop: Farewell getns
(62:41 / All) LIPSTICKONMYPP: use those zepplins with honor
(62:42 / All) LIPSTICKONMYPP: yellow
(62:43 / All) CrookedCop: best of luck to ye
(62:43 / All) LIPSTICKONMYPP: Farewell